 Dungeon Crawl Stone Soup version 0.18-a0-1702-gd20c6a5 (webtiles) character file.

774 M4edhros the Shield-Bearer (level 7, -5/69 HPs)
             Began as an Octopode Wanderer on Apr 7, 2016.
             Slain by Menkaure (9 damage)
             ... on level 5 of the Dungeon.
             The game lasted 00:10:34 (13112 turns).

M4edhros the Shield-Bearer (Octopode Wanderer)     Turns: 13112, Time: 00:10:34

Health: -5/69      AC: 23    Str: 11 (12) XL:     7   Next: 84%
Magic:  8/8        EV:  2    Int: 12 (13) God:    Xom [..*...]
Gold:   183        SH:  9    Dex: 12      Spells: 0 memorised, 8 levels left

rFire  . . .     SeeInvis +     a - +3 spear
rCold  . . .     Gourm    .     i - +0 shield
rNeg   + + +     Faith    .     (helmet currently unavailable)
rPois  +         Spirit   .     c - amulet of regeneration
rElec  .         Dismiss  .     s - ring of poison resistance
rCorr  .         Reflect  .     (no ring)
SustAt .         Harm     .     (no ring)
MR     .....     NoTele   +     (no ring)
Stlth  +.........               (no ring)
                                (no ring)
                                (no ring)
                                (no ring)

@: tree-form, not resistant to hostile enchantments, very unstealthy
A: almost no armour, (amphibious), 8 rings, (constrict 8), (thin metallic scales
0), (camouflage 0), see invisible, dopey 1, sense surroundings 1, screaming 1,
slow regeneration 1, (gelatinous body 0), evolution 2
a: Renounce Religion


You were on level 5 of the Dungeon.
You worshipped Xom.
You were a toy of Xom.
You were very hungry.
You were a tree.
You visited 1 branch of the dungeon, and saw 5 of its levels.

You collected 183 gold pieces.

Inventory:

Hand Weapons
 a - a +3 spear (weapon)
Missiles
 g - 163 stones (quivered)
Armour
 i - a +0 shield (worn)
Jewellery
 c - an amulet of regeneration (around neck)
 s - a ring of poison resistance (left branch)
Wands
 l - a wand of acid (5/15)
 o - a wand of acid (12/15)
Scrolls
 b - 2 scrolls of enchant weapon
 e - a scroll of enchant armour
 k - a scroll of fog
 m - 2 scrolls of noise
 p - a scroll of identify
 t - 5 scrolls of remove curse
Potions
 f - a potion of haste
Comestibles
 d - 3 bread rations
 h - 2 beef jerkies
 j - 2 meat rations


   Skills:
 - Level 3.0 Fighting
 - Level 2.0 Polearms
 + Level 5.6 Dodging
 + Level 6.1 Shields
 - Level 1.0 Spellcasting
   Level 2.4 Poison Magic
 - Level 1.1 Evocations


You had 8 spell levels left.
You didn't know any spells.

Dungeon Overview and Level Annotations

Branches:
Dungeon (5/15)
 Temple: D:4-7

Altars:
Dithmenos
Okawaru
Trog
Xom

Annotations:
D:5 Menkaure


Innate Abilities, Weirdness & Mutations

You cannot wear most types of armour.
((You are amphibious.))
You can wear up to eight rings at the same time.
((You can use your tentacles to constrict eight enemies at once.))
((Your skin blends seamlessly with your surroundings (Stealth).))
((Your rubbery body absorbs attacks (AC +1).))
((You are partially covered in thin metallic scales (AC +2).))
You have supernaturally acute eyesight.
You are dopey. (Int -2)
You passively map a small area around you.
You occasionally shout uncontrollably at your foes.
You regenerate slowly when monsters are visible.
You rapidly evolve.


Message History

Aim: Menkaure (severely damaged, fast)
You hit Menkaure.
Menkaure is almost destroyed.
Menkaure barely misses you.
Attack whom?
Press: ? - help, Dir - move target cursor, f/p - Menkaure
Aim: Menkaure (almost destroyed, fast)
You hit Menkaure.
Menkaure is almost destroyed.
Menkaure hits you!
* * * LOW HITPOINT WARNING * * *
Attack whom?
Press: ? - help, Dir - move target cursor, f/p - Menkaure
Aim: Menkaure (almost destroyed, fast)
You hit Menkaure but do no damage.
Menkaure is almost destroyed.
Menkaure hits you!
* * * LOW HITPOINT WARNING * * *
Menkaure hits you!
You die...

#.# #.# #.# #.# #.#
* ** ** * #M# , , ,,
#.# * #######
#.######## #.)..5#
#...M....#,#.###♣#
########.# #...M.#
#.###.....# *
########<...#..#.# *
#........##.#.##.###
#........##.........
.........##.........
.#.########.........
#, #....#..## *


You could see Menkaure and a friendly white imp.

Vanquished Creatures
  A black bear (D:4)
  A sky beast (D:5)
  A water moccasin skeleton (D:4)
  A crimson imp (D:5)
  An orc priest (D:4)
  An orc wizard (D:3)
  A giant frog skeleton (D:4)
  2 worker ants
  A hound skeleton (D:4)
  4 adders
  An ooze (D:4)
  A worm (D:3)
  2 dart slugs
  2 giant geckos
  25 orcs
  A ball python (D:4)
  8 giant cockroaches
  7 hobgoblins
  3 jackals
  2 quokkas
  8 bats
  A giant gecko skeleton (D:4)
  2 giant newts (D:3)
  9 goblins
  A jackal skeleton (D:4)
  15 kobolds
  9 rats
111 creatures vanquished.

Vanquished Creatures (collateral kills)
  2 ogres
  A scorpion (D:4)
  An orc priest (D:4)
  A hound skeleton (D:4)
  2 adders (D:4)
  2 orcs (D:4)
9 creatures vanquished.

Grand Total: 120 creatures vanquished

Notes
Turn   | Place    | Note
--------------------------------------------------------------
     0 | D:1      | M4edhros the Octopode Wanderer began the quest for the Orb.
     0 | D:1      | M4edhros set off with: a +2 spear, a +0 short sword, a potion of lignification, a bread ration
     0 | D:1      | Reached XP level 1. HP: 16/16 MP: 2/2
   214 | D:1      | Reached skill level 1 in Dodging
   476 | D:2      | Reached XP level 2. HP: 19/21 MP: 3/3
   639 | D:2      | Found a shadowy altar of Dithmenos.
   825 | D:2      | Reached XP level 3. HP: 24/26 MP: 4/4
   845 | D:2      | Reached skill level 2 in Shields
   869 | D:2      | Found a shimmering altar of Xom.
  1029 | D:2      | Became a worshipper of Xom of Chaos
  1699 | D:2      | XOM: god gift: scroll labeled JUMIFA IVIBLO
  1710 | D:2      | Gained mutation: You tend to lose your temper in combat. [potion of mutation]
  1710 | D:2      | Gained mutation: You regenerate slowly when monsters are visible. [potion of mutation]
  1710 | D:2      | Gained mutation: You are clumsy. (Dex -2) [potion of mutation]
  1810 | D:2      | XOM: colour smoke trail
  2174 | D:2      | XOM: cast spell 'Ice Form'
  2755 | D:2      | XOM: colour smoke trail
  3025 | D:2      | XOM is BORED!
  3025 | D:2      | XOM: mild Divn miscast
  3153 | D:3      | Reached XP level 4. HP: 12/31 MP: 5/5
  3774 | D:3      | XOM: summons 3 hostile shadow creatures
  3849 | D:3      | Reached skill level 3 in Shields
  4341 | D:3      | Reached XP level 5. HP: 31/36 MP: 6/6
  5029 | D:3      | XOM: god gift: 18 arrows of flame
  5068 | D:3      | XOM is BORED!
  5111 | D:3      | XOM: cast spell 'Ice Form'
  5444 | D:3      | XOM: 6-stop teleportation journey
  5485 | D:3      | XOM: give mutations
  5485 | D:3      | Gained mutation: You evolve. [Xom's grace]
  5485 | D:3      | Gained mutation: You rapidly evolve. [Xom's grace]
  5693 | D:3      | XOM: scenery: create altars
  6289 | D:3      | XOM: mild Ice miscast
  6545 | D:3      | XOM: 7-stop teleportation journey
  6605 | D:3      | XOM: noise
  6712 | D:3      | Gained mutation: You are resistant to hostile enchantments. [evolution]
  6798 | D:3      | XOM: give mutations
  6798 | D:3      | Gained mutation: You possess an exceptional clarity of mind. [Xom's grace]
  6798 | D:3      | Gained mutation: You are partially covered in thin metallic scales (AC +2). [Xom's grace]
  6798 | D:3      | Gained mutation: You are robust (+10% HP). [Xom's grace]
  6885 | D:3      | XOM: harmless Ice miscast
  7268 | D:3      | XOM: medium Divn miscast
  7383 | D:3      | Found a bloodstained altar of Trog.
  7934 | D:4      | XOM: divination: detect items
  8150 | D:4      | XOM is BORED!
  8150 | D:4      | XOM: noise
  8312 | D:4      | Reached skill level 4 in Shields
  8312 | D:4      | Reached XP level 6. HP: 42/46 MP: 7/7
  8632 | D:4      | Lost mutation: You are resistant to hostile enchantments. [potion of cure mutation]
  8632 | D:4      | Lost mutation: You are clumsy. (Dex -2) [potion of cure mutation]
  8632 | D:4      | Lost mutation: You are robust (+10% HP). [potion of cure mutation]
  8632 | D:4      | Lost mutation: You possess an exceptional clarity of mind. [potion of cure mutation]
  8632 | D:4      | Lost mutation: You tend to lose your temper in combat. [potion of cure mutation]
  8700 | D:4      | Noticed a black bear
  8702 | D:4      | XOM: blink monster(s)
  8704 | D:4      | XOM: potion effect (agility)
  8706 | D:4      | Killed a black bear
  9040 | D:4      | XOM: divination: magic mapping
  9065 | D:4      | XOM: harmless Divn miscast
  9080 | D:4      | Gained mutation: You are dopey. (Int -2) [evolution]
  9670 | D:4      | XOM: scenery: create altars
 10118 | D:4      | XOM is BORED!
 10398 | D:4      | XOM: divination: detect creatures
 10488 | D:4      | XOM: scenery: create altars
 10530 | D:4      | XOM: colour smoke trail
 10665 | D:4      | XOM: god gift: meat ration
 10856 | D:4      | XOM: 6-stop teleportation journey
 11185 | D:4      | XOM: scenery: create altars
 11514 | D:4      | XOM: 1-stop teleportation journey
 11585 | D:4      | XOM: harmless Necr miscast
 11753 | D:4      | XOM: mild Pois miscast
 11839 | D:4      | XOM: smoke on damage
 11846 | D:4      | Reached skill level 5 in Shields
 12050 | D:4      | Found an iron altar of Okawaru.
 12064 | D:4      | XOM: cast spell 'Summon Dragon'
 12065 | D:4      | Reached XP level 7. HP: 43/46 MP: 8/8
 12200 | D:4      | Reached skill level 5 in Dodging
 12263 | D:4      | Gained mutation: You have supernaturally acute eyesight. [evolution]
 12990 | D:5      | Entered Level 5 of the Dungeon
 13008 | D:5      | Gained mutation: You occasionally shout uncontrollably at your foes. [mutagenic meat]
 13009 | D:5      | Gained mutation: You passively map a small area around you. [mutagenic meat]
 13010 | D:5      | Gained mutation: Your skin blends seamlessly with your surroundings (Stealth). [mutagenic meat]
 13018 | D:5      | XOM: summons friendly crimson imp
 13063 | D:5      | Noticed Menkaure
 13087 | D:5      | XOM: confusion
 13088 | D:5      | XOM: confuse monster(s)
 13091 | D:5      | XOM: confuse monster(s)
 13092 | D:5      | XOM: summons friendly white imp
 13094 | D:5      | Reached skill level 6 in Shields
 13112 | D:5      | Slain by Menkaure

Vault maps used:
D:1:      lemuel_arrival_river_ford, serial_glass, glass_columns_c,
          glass_columns_b, glass_columns_a, glass_columns_b, glass_columns_a,
          glass_columns_a, glass_columns_a, glass_columns_a, glass_columns_c,
          glass_columns_c, glass_columns_c, glass_columns_b, glass_columns_c,
          glass_columns_b, monster_avoids_cloud
D:2:      minmay_kobold_bridge, old_standard_altar, grunt_dithmenos_smoke
D:3:      lightli_temple_of_fire, feat_on_display
D:4:      black_bear_nest_2, okawaru_ov_weapons_minmay
D:5:      minmay_temple_entry_statues_pillars, gup_sewer_entry_bubbles,
          basic_altar, first_bread, uniq_menkaure

Skill      XL: |  1  2  3  4  5  6  7 |
---------------+----------------------+-----
Dodging        | 1 2 3 4 5 |  5.6
Shields        | 2 3 4 5 6 |  6.1
Fighting       | |  3.0
Polearms       | |  2.0
Spellcasting   | |  1.0
Poison Magic   | |  2.4
Evocations     | |  1.1

Action                   |  1- 3 |  4- 6 |  7- 9 || total
-------------------------+-------+-------+-------++-------
Melee: Spear             |    88 |   167 |    53 ||   308
       Unarmed           |     3 |       |       ||     3
Evoke: Wand              |       |     2 |       ||     2
  Use: Scroll            |     6 |     3 |       ||     9
       Potion            |     4 |     6 |     1 ||    11
 Stab: Sleeping          |     4 |     6 |     1 ||    11
  Eat: Chunk             |     4 |    20 |     7 ||    31
       Beef jerky        |     1 |       |       ||     1
       Royal jelly       |       |     2 |       ||     2
       Meat ration       |       |     1 |       ||     1
